 Dungeon Crawl Stone Soup version 0.30.1-11-g7821555f0a (webtiles) character file.

Game seed: 8325179339241591559

6762 Dordric the Markskobold (level 11, -2/57 HPs)
             Began as a Kobold Hunter on Nov 6, 2023.
             Was an Elder of Nemelex Xobeh.
             Slain by an unseen horror (4 damage)
             ... on level 9 of the Dungeon.
             The game lasted 00:13:14 (8971 turns).

Dordric the Markskobold (Kobold Hunter)             Turns: 8971, Time: 00:13:15

Health: -2/57      AC:  4    Str:  8    XL:     11   Next: 24%
Magic:  0/20       EV: 15    Int: 12    God:    Nemelex Xobeh [****..]
Gold:   627        SH:  0    Dex: 22    Spells: 10/10 levels left

rFire   . . .        a - +5 shortbow
rCold   . . .        (shield currently unavailable)
rNeg    + . .        q - +0 robe of Compression {rPois rCorr Slay+5 SInv}
rPois   +            (no helmet)
rElec   .            (no cloak)
rCorr   +            l - +1 pair of gloves
SInv    +            (no boots)
Will    +....        B - amulet of guardian spirit
Stlth   +++          n - ring of willpower
HPRegen 0.29/turn    m - ring of positive energy
MPRegen 0.17/turn

%: guardian spirit
@: hasted, studying Unarmed Combat, very quick
A: small, no large weapons, nightstalker 3
a: Renounce Religion, Draw Escape, Draw Destruction, Draw Summoning, Triple
Draw, Deal Four


You were on level 9 of the Dungeon.
You worshipped Nemelex Xobeh.
Nemelex Xobeh was greatly pleased with you.
You visited 1 branch of the dungeon, and saw 10 of its levels.

You collected 627 gold pieces.

Inventory:

Hand Weapons
 a - a +5 shortbow (weapon)
Missiles
 z - 2 throwing nets
Armour
 c - a +0 leather armour
 k - the +1 robe of the Sea {rPois SInv}
   (You found it on level 2 of the Dungeon)

   rPois:     It protects you from poison.
   SInv:      It lets you see invisible.
 l - a +1 pair of gloves (worn)
 q - the +0 robe of Compression (worn) {rPois rCorr Slay+5 SInv}
   (You found it on level 3 of the Dungeon)

   Slay:      It affects your accuracy & damage with ranged weapons and melee
   (+5).
   rPois:     It protects you from poison.
   SInv:      It lets you see invisible.
   rCorr:     It protects you from acid and corrosion.
Jewellery
 m - a ring of positive energy (right hand)
 n - a ring of willpower (left hand)
 x - an amulet of magic regeneration
 B - an amulet of guardian spirit (around neck)
 E - a ring of positive energy
 I - a ring of positive energy
 K - a +6 ring of intelligence
Wands
 D - a wand of mindburst (3)
 F - a wand of quicksilver (5)
 L - a wand of roots (5)
Scrolls
 b - 2 scrolls of immolation
 g - a scroll of fog
 o - a scroll of silence
 p - a scroll of blinking
 r - a scroll of magic mapping
 s - 4 scrolls of identify
 t - 2 scrolls of torment {unknown}
 w - 3 scrolls of teleportation
 y - 2 scrolls of amnesia
 A - 3 scrolls of poison
 J - a scroll of fear {unknown}
Potions
 d - a potion of resistance {unknown}
 e - a potion of attraction {unknown}
 f - 2 potions of haste
 h - 2 potions of heal wounds {unknown}
 i - 2 potions of curing
 j - a potion of cancellation {unknown}
 u - 2 potions of brilliance {unknown}
 v - 3 potions of degeneration {unknown}
 C - 2 potions of ambrosia {unknown}
 G - a potion of magic {unknown}
 H - 2 potions of mutation {unknown}


   Skills:
 - Level 2.1 Fighting
 + Level 15.9 Ranged Weapons
 - Level 2.4 Dodging
 - Level 1.3 Stealth
 + Level 12.5 Invocations


You had 10 spell levels left.
You didn't know any spells.
Your spell library contained the following spells:

 Spells                   Type           Power      Damage    Failure   Level
 Magic Dart               Conj           0%         1d3       32%         1
 Call Imp                 Summ           0%         N/A       45%         2
 Lesser Beckoning         Tloc           0%         N/A       45%         2
 Gell's Gravitas          Tloc           0%         N/A       69%         3
 Mephitic Cloud           Conj/Pois/Air  0%         N/A       69%         3
 Ozocubu's Armour         Ice            0%         N/A       69%         3
 Teleport Other           Tloc           0%         N/A       69%         3
 Conjure Ball Lightning   Conj/Air       0%         3x3d6     100%        6
 Ozocubu's Refrigeration  Ice            0%         4d7       100%        7
 Discord                  Hex            0%         N/A       100%        8
 Disjunction              Tloc           0%         N/A       100%        8


Dungeon Overview and Level Annotations

Branches:
Dungeon (10/15)            Temple (0/1) D:6            Lair (0/5) D:8
    Orc: D:9-12

Altars:
Cheibriados
Gozag
Makhleb
Nemelex Xobeh
Qazlal
Vehumet
Yredelemnul
The Shining One

Annotations:
D:3 2 runed translucent doors, Duuthrak's ghost, amateur DrBe


Innate Abilities, Weirdness & Mutations

You are small and have problems with some larger weapons.
You are completely attuned to the shadows.


Message History

The orc warrior hits you with a +0 hand axe.
You climb upwards.
There is a stone staircase leading down here.
Okay, then.
Unknown command.
The unseen horror attacks as you move away!
The unseen horror hits you! The unseen horror barely misses you.
The troll misses you. The troll barely misses you. The troll claws you.
There is an open door here.
The troll attacks as you move away! The troll closely misses you.
The troll claws you! The troll claws you.
* * * LOW HITPOINT WARNING * * *
You draw a card...
You have drawn the Tomb.
Walls emerge from the floor!
The troll bites you.
* * * LOW HITPOINT WARNING * * *
The troll claws you.
* * * LOW HITPOINT WARNING * * *
The troll claws you!
* * * LOW HITPOINT WARNING * * *
Blink to where?
Press: ? - help, Dir - move target
As you read the scroll of blinking, it crumbles to dust.
You hear a deep rumble.
The unseen horror barely misses you. The unseen horror misses you.
The unseen horror closely misses you.
There is a stone staircase leading down, spattered with blood here.
The unseen horror hits you.
* * * LOW HITPOINT WARNING * * *
The unseen horror attacks as you move away!
The unseen horror misses you. x2
The unseen horror hits you.
* * * LOW HITPOINT WARNING * * *
It was a potion of haste.
You feel yourself speed up. The unseen horror hits you.
* * * LOW HITPOINT WARNING * * *
There is an open door here.
The unseen horror attacks as you move away!
The unseen horror hits you.
You die...
Your body glows slightly and disappears.

#.## #....# #.#
#....#
###.##########....#
.............'....#
###.##########....#
#.# #.>..# #.#
#...<# #.# ##'###
#.# #.@# #.#
######x## #.#
#.......# ###.##
#..T....#
.....######..o....#
......#.To#.......#
.....####.#>......#
.....# #.'.......#
.....# ###.......#


You could see an unseen horror (invisible) and an orc warrior.

Vanquished Creatures
  2 two-headed ogres
  Prince Ribbit (D:9)
  A hornet (D:9)
  Grinder (D:3)
  8 yaks
  A naga (D:9)
  A warg (D:9)
  5 orc warriors
  4 ice beasts
  3 sky beasts (D:7)
  3 centaurs
  A phantom (D:4)
  4 kobold brigands
  2 bullfrogs
  A gnoll sergeant (D:8)
  2 scorpions
  9 killer bees
  A crimson imp (D:4)
  7 orc priests
  A hound (D:4)
  An iguana (D:6)
  3 jellies
  Jessica (D:2)
  6 sleepcaps
  8 orc wizards
  11 gnolls
  7 adders
  A white imp (D:6)
  2 ufetubi
  A worm (D:2)
  6 dart slugs
  19 orcs
  6 ball pythons
  8 endoplasms
  3 giant cockroaches
  5 goblins
  6 hobgoblins
  4 jackals (D:2)
  7 quokkas
  6 bats
  2 frilled lizards
  2 goblin skeletons (D:4)
  A goblin zombie (D:4)
  3 hobgoblin zombies (D:4)
  17 kobolds
  A kobold skeleton (D:4)
  A kobold zombie (D:4)
  An orc zombie (D:4)
  3 rats
200 creatures vanquished.

Vanquished Creatures (collateral kills)
  2 water moccasins (D:7)
2 creatures vanquished.

Grand Total: 202 creatures vanquished

Notes
Turn   | Place    | Note
-------+----------+-------------------------------------------
     0 | D:1      | Dordric the Kobold Hunter began the quest for the Orb.
     0 | D:1      | Reached XP level 1. HP: 12/12 MP: 1/1
    81 | D:1      | Reached XP level 2. HP: 17/17 MP: 2/2
    87 | D:1      | Reached skill level 6 in Ranged Weapons
   116 | D:1      | Found a faded altar of an unknown god.
   281 | D:1      | Prayed at the altar of an unknown god.
   281 | D:1      | Became a worshipper of Nemelex Xobeh the Trickster
   281 | D:1      | Reached * piety under Nemelex Xobeh
   281 | D:1      | Received a gift from Nemelex Xobeh
   355 | D:1      | Reached XP level 3. HP: 17/21 MP: 3/3
   564 | D:1      | Reached skill level 1 in Invocations
   790 | D:2      | Noticed Jessica
   790 | D:2      | Found a stormy altar of Qazlal.
   793 | D:2      | Killed Jessica
   794 | D:2      | Reached XP level 4. HP: 26/26 MP: 3/5
   886 | D:2      | Identified the +1 robe of the Sea {rPois SInv}
  1039 | D:2      | Reached skill level 7 in Ranged Weapons
  1181 | D:2      | Reached XP level 5. HP: 29/30 MP: 6/6
  1418 | D:3      | Found a runed translucent door.
  1478 | D:3      | Reached ** piety under Nemelex Xobeh
  1487 | D:3      | Found a runed translucent door.
  1502 | D:3      | Identified the +0 robe of Compression {rPois rCorr Slay+5
                  | SInv}
  1729 | D:3      | Found an opulent altar of Gozag.
  1870 | D:3      | Noticed Grinder
  1879 | D:3      | Killed Grinder
  1880 | D:3      | Reached skill level 8 in Ranged Weapons
  1880 | D:3      | Reached XP level 6. HP: 26/35 MP: 7/9
  1880 | D:3      | Reached XP level 7. HP: 29/40 MP: 7/10
  2111 | D:3      | Noticed Duuthrak's ghost (amateur DrBe)
  2376 | D:4      | Found a glowing golden altar of the Shining One.
  2379 | D:4      | Reached skill level 5 in Invocations
  2486 | D:4      | Reached skill level 9 in Ranged Weapons
  3151 | D:5      | Entered Level 5 of the Dungeon
  3188 | D:5      | Reached *** piety under Nemelex Xobeh
  3499 | D:5      | Found a basalt altar of Yredelemnul.
  3586 | D:5      | Reached XP level 8. HP: 44/44 MP: 12/12
  4083 | D:6      | Found a staircase to the Ecumenical Temple.
  4127 | D:6      | Reached skill level 10 in Ranged Weapons
  4586 | D:6      | Reached skill level 11 in Ranged Weapons
  4594 | D:6      | Reached **** piety under Nemelex Xobeh
  4668 | D:6      | Received a gift from Nemelex Xobeh
  4671 | D:6      | Found a radiant altar of Vehumet.
  4781 | D:6      | Reached XP level 9. HP: 35/48 MP: 14/14
  5073 | D:7      | Reached skill level 12 in Ranged Weapons
  5938 | D:7      | Reached skill level 13 in Ranged Weapons
  6019 | D:7      | Received a gift from Nemelex Xobeh
  6538 | D:7      | Reached XP level 10. HP: 38/53 MP: 17/17
  6625 | D:8      | Reached skill level 10 in Invocations
  6773 | D:8      | Reached skill level 14 in Ranged Weapons
  7212 | D:8      | Noticed a two-headed ogre
  7226 | D:8      | Killed a two-headed ogre
  7235 | D:8      | Found a staircase to the Lair.
  7626 | D:8      | Received a gift from Nemelex Xobeh
  7633 | D:8      | Found a snail-covered altar of Cheibriados.
  7820 | D:9      | Noticed Prince Ribbit
  7824 | D:9      | Killed Prince Ribbit
  7860 | D:9      | Reached skill level 15 in Ranged Weapons
  7924 | D:9      | Reached XP level 11. HP: 47/57 MP: 14/19
  8227 | D:9      | Noticed a two-headed ogre
  8234 | D:9      | Killed a two-headed ogre
  8601 | D:9      | Found a burning altar of Makhleb.
  8946 | D:10     | Entered Level 10 of the Dungeon
  8968 | D:9      | HP: 1/57 [unseen horror (2)]
  8971 | D:9      | Slain by an unseen horror

Illustrated notes

Levels and vault maps discovered:
D:1:      lightli_arrival_flooded_house, layout_rooms,
          dreamdust_ecumenical_altar_statues, dreamdust_princess_bridge,
          chequers_big_river
D:2:      layout_rooms, basic_altar, uniq_jessica
D:3:      layout_rooms, mainiacjoe_overflow_cross_hatched, serial_glass,
          glass_columns_b, glass_columns_c, glass_columns_a, glass_columns_a,
          glass_columns_c, glass_columns_b, glass_columns_c, glass_columns_c,
          ebering_ghost_sewer_f, uniq_grinder
D:4:      layout_loops_corners, nicolae_tso_besieged_by_evil
D:5:      layout_gridville, mainiacjoe_overflow_alcove_2
D:6:      layout_cave_pools, vehumet_crystals, temple_doors_e
D:7:      layout_basic, grunt_ministairs_12
D:8:      layout_loops_ring, kennysheep_mini_moat, dpeg_oklobed_lair
D:9:      layout_roguey, mainiacjoe_overflow_concentric_impassable,
          uniq_prince_ribbit1
D:10:     layout_loops_ring, general_overflow_altar, kennysheep_small_square

Skill      XL: |  1  2  3  4  5  6  7  8  9 10 11 |
---------------+----------------------------------+-----
Ranged Weapons | 6 7 8 9 11 13 15 | 15.9
Invocations    | 1 2 4 5 7 9 11 12 | 12.5
Fighting       | |  2.1
Dodging        | |  2.4
Stealth        | |  1.3

Action                     |  1- 3 |  4- 6 |  7- 9 | 10-12 || total
---------------------------+-------+-------+-------+-------++-------
   Fire: Shortbow          |    49 |   100 |   235 |   153 ||   537
 Invoke: Draw Destruction  |     1 |     1 |     1 |     9 ||    12
         Draw Summoning    |       |       |     1 |       ||     1
         Draw Escape       |       |       |       |     2 ||     2
    Use: Scroll            |       |       |    14 |     2 ||    16
         Potion            |       |       |     2 |     1 ||     3
 Armour: Leather armour    |     3 |     2 |       |       ||     5
         Robe              |       |       |    12 |     9 ||    21
  Dodge: Dodged            |     8 |    29 |    61 |    58 ||   156
